[Event "HUN-chT 2017-18"]
[Site "Budapest"]
[Date "2018.05.06"]
[Round "9"]
[White "Sanchez Repullo, Daniel"]
[Black "Borhy, Marcell"]
[Result "0-1"]
[ECO "D02"]
[WhiteElo "2266"]
[BlackElo "2226"]
[Annotator "NA"]
[PlyCount "118"]
[EventDate "2018.??.??"]
[EventType "team-tourn"]
[EventCountry "HUN"]
[SourceTitle "playchess.com"]
[Source "ChessBase"]
[SourceQuality "1"]
[WhiteTeam "Hungary"]
[BlackTeam "Hungary"]
[WhiteTeamCountry "HUN"]
[BlackTeamCountry "HUN"]
[TimeControl "40/5400+30:1800+30"]

1. d4 d5 2. Nf3 Nf6 3. Bf4 c5 4. e3 Nc6 5. c3 Qb6 6. Qc1 c4 7. Nbd2 Bf5 8. Be2 h6 9. O-O e6 10. b3 cxb3 11. axb3 Be7 12. h3 O-O 13. Ra4 Rfc8 14. Qa1 Ne4 15. Nxe4 Bxe4 16. Nd2 Bg6 17. Re1 Qd8 18. Bf3 f5 19. b4 a5 20. b5 Na7 21. Rb1 Be8 22. Be2 b6 23. Nf3 Bd6 24. Ne5 g5 25. Bh2 Rc7 26. c4 Nc8 27. cxd5 exd5 28. Bf3 Ne7 29. Qa2 Bxe5 30. Bxe5 Rc3 31. Bf6 Bf7 32. Bxe7 Qxe7 33. Bxd5 Rac8 34. Bxf7+ Qxf7 35. Qxf7+ Kxf7 36. Ra2 Rc2 37. Rbb2 Rxb2 38. Rxb2 Rc1+ 39. Kh2 Ke6 40. g4 f4 41. e4 Rc4 42. Rd2 Kd6 43. h4 a4 44. Rd3 Rb4 45. hxg5 hxg5 46. Kg2 Rb3 47. Rd1 Rxb5 48. d5 Ra5 49. e5+ Kxe5 50. d6 Ra8 51. d7 Rd8 52. Ra1 Rxd7 53. Rxa4 Rd4 54. Ra8 Rd5 55. Kf3 b5 56. Rb8 Kd4 57. Rb7 Re5 58. Rd7+ Kc3 59. Rc7+ Kb3 0-1

[Event "HUN-chT 2017-18"]
[Site "Budapest"]
[Date "2018.05.06"]
[Round "9"]
[White "Pergel, Laszlo"]
[Black "Turzo, Attila"]
[Result "0-1"]
[ECO "B27"]
[WhiteElo "2263"]
[BlackElo "2284"]
[Annotator "ChessBase"]
[PlyCount "111"]
[EventDate "2018.??.??"]
[EventType "team-tourn"]
[EventCountry "HUN"]
[SourceTitle "playchess.com"]
[Source "ChessBase"]
[SourceQuality "1"]
[WhiteTeam "Hungary"]
[BlackTeam "Hungary"]
[WhiteTeamCountry "HUN"]
[BlackTeamCountry "HUN"]
[TimeControl "40/5400+30:1800+30"]

1. e4 c5 2. Nf3 g6 3. Bc4 Bg7 4. c3 e6 5. d3 d5 6. Bb3 Nc6 7. O-O Nge7 8. Re1 O-O 9. Nbd2 e5 10. Nf1 h6 11. Ne3 Be6 12. exd5 Nxd5 13. Nc4 Qc7 14. Qe2 Rfe8 15. Ba4 f6 16. Qc2 Rad8 17. Be3 a6 18. Ncd2 b6 19. a3 f5 20. Bxc6 Qxc6 21. Nc4 Nxe3 22. Nxe3 b5 23. a4 f4 24. Nf1 Bf5 25. axb5 Qxb5 26. c4 Qd7 27. Qa4 Qxa4 28. Rxa4 Bxd3 29. Rxa6 e4 30. Nh4 e3 31. fxe3 fxe3 32. Nf3 Bd4 33. Nxd4 cxd4 34. Ng3 Bc2 35. Nf1 d3 36. Rxe3 Rxe3 37. Nxe3 d2 38. Kf2 d1=Q 39. Nxd1 Rxd1 40. c5 Kf7 41. c6 Bf5 42. b4 Rb1 43. Rb6 Rb2+ 44. Kf3 Rb3+ 45. Kf2 Ke7 46. b5 Kd6 47. Rb8 h5 48. h3 Be6 49. Rd8+ Kc7 50. Re8 Rb2+ 51. Ke3 Bf5 52. Re7+ Kd6 53. Rb7 Rxg2 54. c7 Bc8 55. Ra7 Rb2 56. Kf4 0-1

[Event "HUN-chT 2017-18"]
[Site "Budapest"]
[Date "2018.05.06"]
[Round "9"]
[White "Balint, Vilmos"]
[Black "Biro, David"]
[Result "1/2-1/2"]
[ECO "A04"]
[WhiteElo "2237"]
[BlackElo "2244"]
[Annotator "ChessBase"]
[PlyCount "135"]
[EventDate "2018.??.??"]
[EventType "team-tourn"]
[EventCountry "HUN"]
[SourceTitle "playchess.com"]
[Source "ChessBase"]
[SourceQuality "1"]
[WhiteTeam "Hungary"]
[BlackTeam "Hungary"]
[WhiteTeamCountry "HUN"]
[BlackTeamCountry "HUN"]
[TimeControl "40/5400+30:1800+30"]

1. Nf3 g6 2. g3 Bg7 3. d4 d6 4. Bg2 Nc6 5. O-O e5 6. dxe5 dxe5 7. Qxd8+ Nxd8 8. Nc3 h6 9. Nd2 Ne7 10. e4 Ne6 11. Nb3 c6 12. Be3 h5 13. Rfd1 Ng8 14. Na5 Nf6 15. f3 O-O 16. Rd2 Ne8 17. Rad1 N8c7 18. Ne2 Kh7 19. c3 Bf6 20. h4 Be7 21. Nc4 f6 22. Kh2 Ne8 23. Bh3 Kg7 24. Na5 Kf7 25. b4 N8c7 26. f4 exf4 27. gxf4 f5 28. exf5 gxf5 29. Bxf5 Nd5 30. Bxe6+ Bxe6 31. Bd4 Bc8 32. Nc4 Nf6 33. Bxf6 Kxf6 34. Ng3 Bg4 35. Re1 Rad8 36. Ne4+ Kg7 37. Kg3 Rxd2 38. Nexd2 Bf6 39. Ne5 Bf5 40. Ndf3 a5 41. Nd4 Bc8 42. bxa5 c5 43. Nb3 c4 44. Nd4 Kh7 45. Nef3 Rd8 46. Ng5+ Kg6 47. Ngf3 Kh7 48. f5 Rg8+ 49. Kf2 Rg4 50. Re8 Bxd4+ 51. Nxd4 Bxf5 52. Re7+ Kg6 53. Nf3 Be4 54. Ne5+ Kf6 55. Nxg4+ Kxe7 56. Ne5 Ke6 57. Nxc4 Bd5 58. Nd2 Kf5 59. c4 Bc6 60. Ke3 Kg4 61. Ne4 Kxh4 62. Nf6 Kg5 63. Nxh5 Kxh5 64. Kd4 Kg5 65. Kc5 Bf3 66. Kb6 Kf6 67. c5 Ke7 68. a6 1/2-1/2

[Event "HUN-chT 2017-18"]
[Site "Budapest"]
[Date "2018.05.06"]
[Round "9"]
[White "Juhasz, Barbara"]
[Black "Krstulovic, Alex"]
[Result "0-1"]
[ECO "C77"]
[WhiteElo "2234"]
[BlackElo "2290"]
[Annotator "NA"]
[PlyCount "46"]
[EventDate "2018.??.??"]
[EventType "team-tourn"]
[EventCountry "HUN"]
[SourceTitle "playchess.com"]
[Source "ChessBase"]
[SourceQuality "1"]
[WhiteTeam "Hungary"]
[BlackTeam "Hungary"]
[WhiteTeamCountry "HUN"]
[BlackTeamCountry "HUN"]
[TimeControl "40/5400+30:1800+30"]

1. e4 e5 2. Nf3 Nc6 3. Bb5 a6 4. Ba4 Nf6 5. d4 exd4 6. O-O Be7 7. e5 Ne4 8. Nxd4 O-O 9. Nf5 d5 10. Nxe7+ Nxe7 11. c3 Nc5 12. Bc2 Bf5 13. Na3 Qd7 14. Re1 Rfe8 15. Be3 Ne6 $11 16. Qh5 Bg6 17. Qh3 c5 18. Rad1 Bxc2 19. Nxc2 Qa4 20. Rd2 Rad8 21. Red1 Nc6 22. b3 Qa5 23. Bxc5 Qxc5 0-1

[Event "HUN-chT 2017-18"]
[Site "Budapest"]
[Date "2018.05.06"]
[Round "9"]
[White "Karacsonyi, Gellert"]
[Black "Medvegy, Nora"]
[Result "1/2-1/2"]
[ECO "B48"]
[WhiteElo "2208"]
[BlackElo "2354"]
[Annotator "ChessBase"]
[PlyCount "20"]
[EventDate "2018.??.??"]
[EventType "team-tourn"]
[EventCountry "HUN"]
[SourceTitle "playchess.com"]
[Source "ChessBase"]
[SourceQuality "1"]
[WhiteTeam "Hungary"]
[BlackTeam "Hungary"]
[WhiteTeamCountry "HUN"]
[BlackTeamCountry "HUN"]
[TimeControl "40/5400+30:1800+30"]

1. e4 c5 2. Nf3 Nc6 3. d4 cxd4 4. Nxd4 Qc7 5. Nc3 e6 6. Be3 a6 7. a3 Nf6 8. f4 d6 9. Qf3 Rb8 10. O-O-O Bd7 1/2-1/2

[Event "HUN-chT 2017-18"]
[Site "Budapest"]
[Date "2018.05.06"]
[Round "9"]
[White "Dory, Jeno"]
[Black "Popovics, Adam"]
[Result "1/2-1/2"]
[ECO "B06"]
[WhiteElo "2197"]
[BlackElo "2382"]
[Annotator "NA"]
[PlyCount "40"]
[EventDate "2018.??.??"]
[EventType "team-tourn"]
[EventCountry "HUN"]
[SourceTitle "playchess.com"]
[Source "ChessBase"]
[SourceQuality "1"]
[WhiteTeam "Hungary"]
[BlackTeam "Hungary"]
[WhiteTeamCountry "HUN"]
[BlackTeamCountry "HUN"]
[TimeControl "40/5400+30:1800+30"]

1. e4 g6 2. d4 Bg7 3. Nf3 d6 4. Bc4 e6 5. O-O a6 6. Bb3 Ne7 7. Re1 O-O 8. Nbd2 Nd7 9. c3 b5 10. a4 Bb7 11. Qe2 c6 12. e5 dxe5 13. Nxe5 Nxe5 14. dxe5 Qc7 15. f4 Rab8 16. Ne4 c5 17. axb5 axb5 18. Nd6 c4 19. Nxb7 Rxb7 20. Bc2 Nd5 1/2-1/2

[Event "HUN-chT 2017-18"]
[Site "Budapest"]
[Date "2018.05.06"]
[Round "9"]
[White "Suranyi, Pal"]
[Black "Gara, Ticia"]
[Result "1/2-1/2"]
[ECO "A48"]
[WhiteElo "2117"]
[BlackElo "2369"]
[Annotator "NA"]
[PlyCount "82"]
[EventDate "2018.??.??"]
[EventType "team-tourn"]
[EventCountry "HUN"]
[SourceTitle "playchess.com"]
[Source "ChessBase"]
[SourceQuality "1"]
[WhiteTeam "Hungary"]
[BlackTeam "Hungary"]
[WhiteTeamCountry "HUN"]
[BlackTeamCountry "HUN"]
[TimeControl "40/5400+30:1800+30"]

1. d4 Nf6 2. Nf3 g6 3. c4 Bg7 4. Nc3 d5 5. cxd5 Nxd5 6. Bd2 O-O 7. e3 c5 {[%emt 0:03:48] LiveBook: 12 Games} 8. Rc1 cxd4 9. Nxd4 $15 Nb6 10. Be2 Na6 11. Ncb5 e5 12. Nb3 Na4 13. e4 Nxb2 14. Qc2 Na4 15. Be3 Be6 16. O-O Rc8 17. Qb1 Qh4 18. g3 Qe7 19. Rxc8 Rxc8 20. Nxa7 Nc3 21. Nxc8 Nxe2+ 22. Kg2 Qd7 23. Nb6 Bh3+ 24. Kh1 Qe6 25. Rd1 Qf6 26. Nd2 Bg4 27. h3 Bxh3 28. Qb5 Nd4 29. Qe8+ Bf8 30. Bh6 Ne6 31. Nd5 Qxf2 32. Rg1 Bg4 33. Ne7+ Kh8 34. Bxf8 Bf3+ 35. Nxf3 Qxf3+ 36. Rg2 Qd1+ 37. Kh2 Qh5+ 38. Kg1 Qd1+ 39. Kh2 Qh5+ 40. Kg1 Qd1+ 41. Kh2 Qh5+ 1/2-1/2

[Event "HUN-chT 2017-18"]
[Site "Budapest"]
[Date "2018.05.06"]
[Round "9"]
[White "Reskone dr, Timko Melinda"]
[Black "Kokeny, Norbert Adrian"]
[Result "1-0"]
[ECO "A30"]
[WhiteElo "2024"]
[BlackElo "2284"]
[Annotator "NA"]
[PlyCount "89"]
[EventDate "2018.??.??"]
[EventType "team-tourn"]
[EventCountry "HUN"]
[SourceTitle "playchess.com"]
[Source "ChessBase"]
[SourceQuality "1"]
[WhiteTeam "Hungary"]
[BlackTeam "Hungary"]
[WhiteTeamCountry "HUN"]
[BlackTeamCountry "HUN"]
[TimeControl "40/5400+30:1800+30"]

1. c4 c5 2. Nf3 Nc6 3. g3 g6 4. Bg2 Bg7 5. d3 e5 6. O-O Nge7 7. Nc3 a6 8. a3 Rb8 9. Qa4 d6 10. Rb1 Bd7 11. Qc2 b5 12. Ne4 $15 Qc7 13. cxb5 axb5 14. Bg5 Ng8 15. b4 cxb4 16. axb4 h6 17. Be3 Nge7 18. Ra1 Rc8 19. Rfc1 Qb8 20. Qb1 f5 21. Nc3 Be6 22. Ra6 Nd4 23. Bxd4 exd4 24. Na2 O-O 25. Rc2 Nd5 26. Rcc6 Rxc6 27. Rxc6 Rc8 28. Qc2 Rxc6 29. Qxc6 Ne7 30. Qa6 Qc7 31. Ne1 Kh7 32. Kf1 Nc8 33. Qb7 Qd8 34. Nc1 Bd7 35. Nc2 Nb6 36. Nb3 Bc8 37. Qc6 Bd7 38. Qxd6 Qg8 39. Ncxd4 Bxd4 40. Nxd4 Qa2 41. Bf3 Qa7 42. Qe7+ Kh8 43. Qf8+ Kh7 44. Qf7+ Kh8 45. Kg2 1-0